 Dungeon Crawl Stone Soup version 0.25.1-4-g9407a263a5 (webtiles) character file.

Game seed: 14088007913965457374

84 Erymatos the Chopper (level 4, 0/41 HPs)
             Began as a Minotaur Berserker on Nov 25, 2020.
             Was a Believer of Trog.
             Slain by Robin
             ... wielding a +1 vorpal trident
              (2 damage)
             ... on level 2 of the Dungeon.
             The game lasted 00:01:25 (1433 turns).

Erymatos the Chopper (Minotaur Berserker)           Turns: 1433, Time: 00:01:26

Health: 0/41       AC:  3    Str: 23    XL:     4   Next: 23%
Magic:  3/3        EV: 12    Int:  4    God:    Trog [**....]
Gold:   57         SH:  0    Dex:  9    Spells: 3/3 levels left

rFire    . . .     SeeInvis .   a - +0 hand axe
rCold    . . .     Gourm    .   (no shield)
rNeg     . . .     Faith    .   b - +0 animal skin
rPois    .         Spirit   .   (helmet restricted)
rElec    .         Reflect  .   n - +0 cloak
rCorr    .         Harm     .   (no gloves)
MR       .....                  (no boots)
Stlth    +.........             (no amulet)
HPRegen  0.13/turn              (no ring)
MPRegen  0.08/turn              (no ring)

@: berserk cooldown, slowed, very slow
A: retaliatory headbutt, horns 2
a: Berserk, Trog's Hand, Renounce Religion


You were on level 2 of the Dungeon.
You worshipped Trog.
Trog was pleased with you.
You were hungry.

You visited 1 branch of the dungeon, and saw 2 of its levels.

You collected 57 gold pieces.

Inventory:

Hand Weapons
 a - a +0 hand axe (weapon)
Armour
 b - a +0 animal skin (worn)
 n - a +0 cloak (worn)
Scrolls
 d - a scroll of blinking {unknown}
 g - a scroll of immolation {unknown}
 h - 2 scrolls of enchant weapon {unknown}
 i - a scroll of remove curse {unknown}
 j - a scroll of identify {unknown}
 p - 2 scrolls of teleportation {unknown}
Potions
 e - a potion of mutation {unknown}
 f - 2 potions of flight {unknown}
 k - a potion of brilliance {unknown}
 l - a potion of might {unknown}
 m - a potion of degeneration {unknown}
Comestibles
 c - 2 rations
 o - 4 chunks of flesh


   Skills:
 + Level 4.4 Fighting
 + Level 4.8 Axes
 + Level 2.7 Armour
 + Level 3.0 Dodging
 + Level 0.2 Stealth


You had 3 spell levels left.
You didn't know any spells.
Your spell library was empty.

Dungeon Overview and Level Annotations

Branches:
Dungeon (2/15)

Altars:

Annotations:
D:2 Robin


Innate Abilities, Weirdness & Mutations

You reflexively headbutt those who attack you in melee.
You have a pair of horns on your head.


Message History

You hit Robin but do no damage. You hit the dart slug but do no damage.
You feel sick.
You are no longer poisoned.
The dart slug bites you.
* * * LOW HITPOINT WARNING * * *
You are too injured to fight recklessly!
You hit the goblin.
You kill the goblin!
Trog accepts your kill.
You hit the dart slug.
You kill the dart slug!
Trog accepts your kill.
You barely miss Robin. The goblin barely misses you. Robin barely misses you.
You furiously retaliate!
You headbutt Robin. You barely miss the goblin.
Your headbutt misses the goblin. You hit Robin. The goblin misses you.
You furiously retaliate!
You headbutt the goblin!
You kill the goblin!
Trog accepts your kill.
Robin hits you with a +1 vorpal trident.
You die...

.............#.#.#####...#
####.................#...#
########.)..#.###.#...#
#....#.# #.#...#
#....#)###.#...# .
..)..#.#...#...# #
.#....#)#.#.#...#
..#.##.#)).......# ## #.#
.#@g..#....# #.
.#))..#....# #....#....#
#....#....# #....#......
.....#...###. ......#....
.....# .g...g.


You could see Robin.

Vanquished Creatures
  2 adders (D:2)
  An ooze (D:1)
  A worm (D:2)
  A dart slug (D:2)
  A leopard gecko (D:1)
  A ball python (D:1)
  7 bats
  2 giant cockroaches (D:1)
  8 hobgoblins
  A quokka (D:2)
  2 frilled lizards (D:1)
  17 goblins
  3 kobolds
  2 rats (D:1)
49 creatures vanquished.

Notes
Turn   | Place    | Note
-------+----------+-------------------------------------------
     0 | D:1      | Erymatos the Minotaur Berserker began the quest for the
                  | Orb.
     0 | D:1      | Reached XP level 1. HP: 19/19 MP: 0/0
   153 | D:1      | Reached XP level 2. HP: 27/27 MP: 1/1
   328 | D:1      | Reached ** piety under Trog
   402 | D:1      | Reached XP level 3. HP: 28/33 MP: 2/2
  1410 | D:2      | Noticed Robin
  1420 | D:2      | Reached XP level 4. HP: 40/40 MP: 3/3
  1431 | D:2      | HP: 2/41 [dart slug (2)]
  1433 | D:2      | Slain by Robin

Illustrated notes

Levels and vault maps discovered:
D:1:      dpeg_arrival_round_b, layout_basic, solitary_fountain,
          patterned_corridor
D:2:      layout_basic, uniq_robin

Skill      XL: |  1  2  3  4 |
---------------+-------------+-----
Fighting       | 4 |  4.4
Axes           | 4 |  4.8
Dodging        | 3 |  3.0
Armour         | |  2.7
Stealth        | |  0.2

Action                   |  1- 3 |  4- 6 || total
-------------------------+-------+-------++-------
Melee: Hand axe          |    61 |    10 ||    71
       Headbutt          |     6 |       ||     6
Invok: Berserk           |     1 |       ||     1
 Stab: Sleeping          |     1 |       ||     1
  Eat: Chunk             |     2 |       ||     2
Armor: Animal skin       |    11 |     3 ||    14
Dodge: Dodged            |    46 |    10 ||    56
